 Dungeon Crawl Stone Soup version 0.19.1 (webtiles) character file.

1912 Jerry the Carver (level 8, -1/62 HPs)
             Began as a Minotaur Gladiator on Dec 27, 2016.
             Slain by a gargoyle
             ... wielding a +0 dire flail
              (18 damage)
             ... on level 6 of the Dungeon.
             The game lasted 00:13:51 (6436 turns).

Jerry the Carver (Minotaur Gladiator)               Turns: 6436, Time: 00:13:51

Health: -1/62      AC:  7    Str: 20    XL:     8   Next: 95%
Magic:  7/7        EV: 16    Int:  5    God:
Gold:   92         SH:  0    Dex: 13    Spells: 0 memorised, 7 levels left

rFire  . . .     SeeInvis .     a - +1 long sword
rCold  . . .     Gourm    +     m - +2 leather armour {MR+}
rNeg   . . .     Faith    .     (no shield)
rPois  .         Spirit   .     c - +0 hat
rElec  .         Reflect  .     (no cloak)
rCorr  .         Harm     .     (no gloves)
MR     +....                    e - +0 pair of boots
Stlth  +.........               h - amulet of the gourmand
                                (no ring)
                                (no ring)

@: no status effects
A: retaliatory headbutt, horns 2
a: no special abilities


You were on level 6 of the Dungeon.
You were very full.

You visited 2 branches of the dungeon, and saw 7 of its levels.
You also visited: Sewer.

You collected 284 gold pieces.
You spent 192 gold pieces at shops.

Inventory:

Hand Weapons
 a - a +1 long sword (weapon)
Missiles
 d - 3 throwing nets (quivered)
Armour
 c - a +0 hat (worn)
 e - a +0 pair of boots (worn)
 m - a +2 leather armour of magic resistance (worn)
Rods
 z - a +0 rod of ignition (9/9)
   (You found it on level 4 of the Dungeon)
Jewellery
 h - an amulet of the gourmand (around neck)
Wands
 n - a wand of flame (25/48)
 q - a wand of polymorph (24/24)
 t - a wand of lightning (5/15)
 D - a wand of polymorph (6/24)
Scrolls
 i - 3 scrolls of blinking
 j - 9 scrolls of remove curse
 l - 2 scrolls of teleportation
 s - a scroll of magic mapping
 w - a scroll of amnesia
 x - 2 scrolls of identify
 y - a scroll of vulnerability {unknown}
Potions
 b - a potion of cancellation
 k - 3 potions of agility
 o - 2 potions of curing
 p - 5 potions of heal wounds
 r - 2 potions of magic
 u - a potion of degeneration {unknown}
 A - a potion of haste {unknown}
 B - a potion of flight {unknown}
 E - a potion of might
 F - a potion of resistance {unknown}
Comestibles
 f - 5 bread rations
 g - a beef jerky
 v - 3 meat rations
 C - a fruit


   Skills:
 - Level 2.4 Fighting
 + Level 8.9 Long Blades
 - Level 2.0 Throwing
 + Level 7.6 Armour
 + Level 8.2 Dodging


You had 7 spell levels left.
You didn't know any spells.

Dungeon Overview and Level Annotations

Branches:
Dungeon (6/15)             Temple (1/1) D:5

Altars:
Ashenzari
Cheibriados
Fedhas
Gozag
Hepliaklqana
Kikubaaqudgha
Makhleb
Nemelex Xobeh
Okawaru
Qazlal
Ru
Sif Muna
Trog
Uskayaw
Vehumet
Xom
Zin
The Shining One
Lugonu

Shops:
D:5 [*!(


Innate Abilities, Weirdness & Mutations

You reflexively headbutt those who attack you in melee.
You have a pair of horns on your head.


Message History

The gargoyle hits you with a dire flail!
The freed slave hits the gargoyle but does no damage.
You slash the gargoyle! Your headbutt misses the gargoyle.
The gargoyle is heavily damaged.
The gargoyle hurls a stone arrow at you.
The stone arrow hits you!
* * * LOW HITPOINT WARNING * * *
The freed slave hits the gargoyle but does no damage.
You are too injured to fight recklessly!
You are too injured to fight recklessly!
You closely miss the gargoyle.
You headbutt the gargoyle, but do no damage.
The gargoyle is heavily damaged.
The gargoyle misses you. You furiously retaliate!
You headbutt the gargoyle, but do no damage.
The freed slave barely misses the gargoyle.
You hit the gargoyle but do no damage. Your headbutt misses the gargoyle.
The gargoyle is heavily damaged.
The gargoyle hits you with a dire flail!!
You die...

#####.......#####.#
##............# #
##.(...####### # #....)#
# ###.#)# # ##.#.# ######
#..#.# #.....
.#########.##.######.#.#.
......p9@................
.#########.######.##.#.#.
#.# #.##..... #.#
#........ #.# ##....(##
#.# #.##### #.# #.# #.#
#.# #.# #.#


You could see a gargoyle and a neutral freed slave.

Vanquished Creatures
  Pikel (D:6)
  The ghost of Azzok the Geomancer, a novice GrEE (D:6)
  Grinder (D:6)
  Menkaure (D:5)
  A phantom (D:6)
  A centaur (D:6)
  A bullfrog (Sewer)
  A scorpion (D:4)
  A howler monkey (D:5)
  A jelly (D:6)
  An orc priest (D:4)
  A hound (D:6)
  A centaur skeleton (D:4)
  An orc wizard (D:4)
  3 worker ants (D:5)
  8 gnolls (D:5)
  8 adders
  2 oozes
  A worm (D:2)
  2 dart slugs
  5 leopard geckos
  7 orcs
  9 giant cockroaches
  8 goblins
  4 hobgoblins
  12 jackals
  2 quokkas
  A ball python (D:1)
  8 bats
  8 frilled lizards
  6 kobolds
  A leopard gecko skeleton (D:4)
  8 rats
117 creatures vanquished.

Vanquished Creatures (others)
  A slave (D:6)
  A howler monkey (D:6)
  A crimson imp (D:6)
3 creatures vanquished.

Grand Total: 120 creatures vanquished

Notes
Turn   | Place    | Note
-------+----------+-------------------------------------------
     0 | D:1      | Jerry the Minotaur Gladiator began the quest for the Orb.
     0 | D:1      | Reached XP level 1. HP: 18/18 MP: 0/0
   285 | D:1      | Reached XP level 2. HP: 15/25 MP: 1/1
   709 | D:1      | Reached skill level 1 in Armour
  1114 | D:2      | Reached XP level 3. HP: 30/30 MP: 2/2
  1549 | D:2      | Found a sacrificial altar of Ru.
  1667 | D:2      | Reached XP level 4. HP: 34/37 MP: 3/3
  1842 | D:3      | Found a stormy altar of Qazlal.
  1869 | D:3      | Found a sparkling altar of Nemelex Xobeh.
  2095 | D:3      | Found a radiant altar of Vehumet.
  2547 | D:4      | Reached XP level 5. HP: 42/42 MP: 4/4
  2622 | D:4      | Reached skill level 5 in Long Blades
  2698 | D:4      | Reached skill level 5 in Dodging
  2861 | D:4      | Found a glowing silver altar of Zin.
  2862 | D:4      | Noticed an angel
  2863 | D:4      | Found a shimmering altar of Xom.
  2980 | D:4      | Found a snail-covered altar of Cheibriados.
  2980 | D:4      | Found a sparkling altar of Nemelex Xobeh.
  2986 | D:4      | Found a faded altar of an unknown god.
  2989 | D:4      | Found a shattered altar of Ashenzari.
  2991 | D:4      | Found a faded altar of an unknown god.
  3157 | D:4      | Reached XP level 6. HP: 17/50 MP: 5/5
  3456 | D:5      | Entered Level 5 of the Dungeon
  3470 | D:5      | Found Ymafeuh's Weapon Emporium.
  3503 | D:5      | Found a staircase to the Ecumenical Temple.
  3504 | D:5      | Found Vuipatt's Distillery.
  3509 | Temple   | Entered the Ecumenical Temple
  3747 | D:5      | Found Totosudd's Antique Armour Emporium.
  3752 | D:5      | Found Veb Jyuf's Assorted Antiques.
  3754 | D:5      | Bought a potion of curing for 36 gold pieces
  3754 | D:5      | Bought a potion of agility for 48 gold pieces
  3754 | D:5      | Bought a potion of might for 48 gold pieces
  3754 | D:5      | Bought a potion of heal wounds for 60 gold pieces
  3810 | D:5      | Found a glowing drain.
  3852 | D:5      | Found a sacrificial altar of Ru.
  3895 | Sewer    | Entered a sewer
  4350 | D:5      | Noticed Menkaure
  4356 | D:5      | Killed Menkaure
  4356 | D:5      | Reached XP level 7. HP: 30/56 MP: 6/6
  4734 | D:5      | Reached skill level 5 in Armour
  4775 | D:5      | Found a hide-covered altar of Uskayaw.
  5388 | D:6      | Noticed Grinder
  5405 | D:6      | Killed Grinder
  5599 | D:6      | Found a deep blue altar of Sif Muna.
  5602 | D:6      | Noticed Azzok's ghost (novice GrEE)
  5623 | D:6      | Killed Azzok's ghost
  5623 | D:6      | Reached XP level 8. HP: 36/62 MP: 7/7
  5928 | D:6      | Found a hide-covered altar of Uskayaw.
  6015 | D:6      | Noticed Pikel
  6045 | D:6      | HP: 2/62 [Pikel/whip of flaming (3)]
  6046 | D:6      | Killed Pikel
  6427 | D:6      | Noticed a gargoyle
  6436 | D:6      | Slain by a gargoyle

Skill      XL: |  1  2  3  4  5  6  7  8 |
---------------+-------------------------+-----
Armour         | 1 2 3 4 6 7 |  7.6
Long Blades    | 4 5 6 7 8 |  8.9
Dodging        | 4 5 7 8 |  8.2
Fighting       | |  2.4
Throwing       | |  2.0

Action                   |  1- 3 |  4- 6 |  7- 9 || total
-------------------------+-------+-------+-------++-------
Melee: Long sword        |    61 |   114 |   114 ||   289
       Headbutt          |     9 |    32 |    21 ||    62
  Use: Scroll            |       |     8 |     4 ||    12
       Potion            |       |     1 |       ||     1
  Eat: Chunk             |    12 |     9 |     6 ||    27
Armor: Leather armour    |    23 |    28 |    20 ||    71
Dodge: Dodged            |    53 |   103 |    71 ||   227
       Rpst.: Long sword |    14 |    29 |    16 ||    59
